 Dungeon Crawl Stone Soup version 0.31-a0-836-g3ceb0a68c4 (webtiles) character file.

Game seed: 11480341878091467821

37 ipx the Chopper (level 3, -4/19 HPs)
             Began as a Vine Stalker Fighter on Sept 26, 2023.
             Slain by a gnoll
             ... wielding a +0 flail
              (6 damage)
             ... on level 4 of the Dungeon.
             The game lasted 00:03:02 (279 turns).

ipx the Chopper (Vine Stalker Fighter)               Turns: 279, Time: 00:03:03

Health: -4/19      AC:  6    Str: 20    XL:     3   Next: 39%
Magic:  0/4        EV:  9    Int:  8    God:
Gold:   70         SH:  4    Dex: 13    Spells: 2/2 levels left

rFire   + . .        a - +0 war axe
rCold   . . .        c - +0 buckler
rNeg    . . .        b - +0 scale mail
rPois   .            (no helmet)
rElec   .            (no cloak)
rCorr   .            (no gloves)
SInv    .            (no boots)
Will    .....        (no amulet) Stlth
                     f - ring of protection from fire
HPRegen 1.03/turn    (no ring)
MPRegen 0.09/turn

%: guardian spirit
@: no status effects
A: fangs 2, regeneration 1, magic shield, antimagic bite, no potion heal 2
a: no special abilities


You were on level 4 of the Dungeon.
You visited 1 branch of the dungeon, and saw 4 of its levels.

You collected 70 gold pieces.

Inventory:

Hand Weapons
 a - a +0 war axe (weapon)
Armour
 b - a +0 scale mail (worn)
 c - a +0 buckler (worn)
 k - a +0 ring mail of willpower
Jewellery
 f - a ring of protection from fire (left hand)
Scrolls
 e - a scroll of poison {unknown}
 g - 2 scrolls of identify {unknown}
 i - a scroll of enchant weapon {unknown}
 j - a scroll of teleportation {unknown}
 l - a scroll of blinking {unknown}
 n - a scroll of immolation {unknown}
Potions
 d - a potion of might
 h - a potion of haste {unknown}
 m - 2 potions of curing {unknown}


   Skills:
 - Level 2.6 Fighting
 + Level 3.3 Axes
 - Level 2.4 Armour
 - Level 2.6 Shields


You had 2 spell levels left.
You didn't know any spells.
Your spell library contained the following spells:

 Spells                   Type           Power      Damage    Failure   Level
 Tukima's Dance           Hex            0%         N/A       99%         3
 Passage of Golubria      Tloc           0%         N/A       100%        4
 Yara's Violent Unravell  Hex/Tmut       0%         3d3       100%        5


Dungeon Overview and Level Annotations

Branches:
Dungeon (4/15)
 Temple: D:4-7

Altars:
Sif Muna


Innate Abilities, Weirdness & Mutations

You have extremely sharp teeth.
Your natural rate of healing is unusually fast.
When hurt, damage is shared between your health and your magic reserves.
Your bite disrupts and absorbs the magic of your enemies.
Potions cannot restore your health.


Message History

n - a scroll labelled CYEDOR TECVE
There is a stone staircase leading down here.
You climb downwards.
The jackal barks!
The gnoll shouts! x3; The hound barks!
You hear a bark!
You hear a shout!
There is a stone staircase leading up here.
You closely miss the gnoll. You hit the gnoll.
The gnoll hits you but does no damage. The gnoll barely misses you.
You slash the gnoll!
You kill the gnoll!
You barely miss the gnoll. You hit the gnoll.
A jackal comes into view.
You block the gnoll's attack. The gnoll hits you but does no damage.
A hobgoblin comes into view.
You completely miss the gnoll. You bite the gnoll. You drain its power.
The gnoll is moderately wounded.
You barely miss the gnoll. The gnoll hits you but does no damage.
You block the gnoll's attack. The gnoll barely misses you.
The gnoll hits you with a +0 flail. The gnoll hits you with a +0 whip.
You hit the gnoll. You bite the gnoll, but do no damage.
The gnoll is heavily wounded.
You barely miss the gnoll. You closely miss the gnoll.
The gnoll hits you with a +0 flail. The gnoll misses you. x2
The hound bites you.
You hit the gnoll but do no damage. You bite the gnoll. You drain its power.
You feel invigorated.
The gnoll is severely wounded.
You closely miss the hound. You hit the gnoll. You slash the gnoll!
The hound bites you but does no damage. The gnoll hits you with a +0 flail!
A jelly comes into view.
The gnoll hits you with a +0 spear.
* * * LOW HITPOINT WARNING * * *
The gnoll hits you with a +0 whip.
* * * LOW HITPOINT WARNING * * *
The hound bites you but does no damage.
You closely miss the gnoll. You bite the gnoll, but do no damage.
The gnoll is severely wounded.
You hit the gnoll. You barely miss the gnoll. You closely miss the hound.
The hound closely misses you. The gnoll hits you with a +0 flail.
You die...

#.. #.. #.. #..
#.. #..
#####.g###
.....gg@g#
########hh.....
h.##### ..# ..#
#.# #. #


You could see a hound, 3 gnolls, 2 jackals and a hobgoblin.

Vanquished Creatures
  An adder (D:2)
  A gnoll (D:4)
  2 ball pythons
  An endoplasm (D:2)
  A giant cockroach (D:3)
  3 goblins
  A hobgoblin (D:2)
  A kobold (D:2)
  A quokka (D:3)
  3 bats
  2 rats
17 creatures vanquished.

Notes
Turn   | Place    | Note
-------+----------+-------------------------------------------
     0 | D:1      | ipx the Vine Stalker Fighter began the quest for the Orb.
     0 | D:1      | Reached XP level 1. HP: 11/11 MP: 2/2
    52 | D:2      | Reached skill level 2 in Axes
   109 | D:2      | Reached XP level 2. HP: 16/16 MP: 3/3
   126 | D:2      | Found a shimmering blue altar of Sif Muna.
   156 | D:3      | Reached skill level 3 in Axes
   184 | D:3      | Reached XP level 3. HP: 18/19 MP: 4/4
   279 | D:4      | Slain by a gnoll

Illustrated notes

Levels and vault maps discovered:
D:1:      orjb1_clovarrival, layout_basic
D:2:      layout_rooms, basic_altar, minmay_misc_feat_secret_circle,
          minmay_surrounded
D:3:      layout_rooms, uniq_natasha, uniq_grinder
D:4:      layout_loops_ring, pf_just_have_faith,
          mainiacjoe_overflow_large_starburst, mainiacjoe_overflow_tiny_flanked,
          minmay_temple_entry_enclosed_plants

Skill      XL: |  1  2 |
---------------+-------+-----
Axes           | 2 3 |  3.3
Fighting       | |  2.6
Armour         | |  2.4
Shields        | |  2.6

Action                     || total
---------------------------++-------
  Melee: War axe           ||    36
         Bite              ||     8
 Armour: Scale mail        ||    34
  Dodge: Dodged            ||    19
  Block: Buckler           ||    12

Table legend: (Time is in decaauts)
 A = Elapsed time spent in this place.
 B = Non-inter-level travel time spent in this place.
 C = Inter-level travel time spent in this place.
 D = Time resting spent in this place.
 E = Time spent auto-exploring this place.
 F = Levels seen in this place.
 G = Mean time per level.
                   A        B        C        D        E       F      G
               +--------+--------+--------+--------+--------+-----+--------+
         Total |    296 |    277 |     19 |      0 |      0 |   4 |   74.0 |
       Dungeon |    296 |    277 |     19 |      0 |      0 |   4 |   74.0 |
               +--------+--------+--------+--------+--------+-----+--------+

Top non-repeatable levels by time:
     D:3: 134 daAuts
     D:2: 82 daAuts
     D:1: 72 daAuts
     D:4: 7 daAuts
